 Dungeon Crawl Stone Soup version 0.29-a0-317-gd16b76e6b1 (webtiles) character file.

Game seed: 15641335980651721789

10523 jmlagarto the Fighter (level 11, 0/90 HPs)
             Began as a Grey Draconian Chaos Knight on Mar 31, 2022.
             Was a Plaything of Xom.
             Killed from afar by an acid dragon (22 damage)
             ... with a splash of acid
             ... on level 10 of the Dungeon.
             The game lasted 00:29:56 (10648 turns).

jmlagarto the Fighter (DrCK)                       Turns: 10648, Time: 00:29:56

Health: 0/90       AC:  9    Str: 25    XL:     11   Next: 37%
Magic:  11/11      EV: 14    Int: 12    God:    Xom [......]
Gold:   446        SH: 16    Dex: 13    Spells: 10/10 levels left

rFire   . . .      SeeInvis .   a - +0 spear (chaos)
rCold   . . .      Faith    .   H - +0 kite shield
rNeg    . . .      Spirit   .   (body armour unavailable)
rPois   .          Reflect  +   (helmet restricted)
rElec   .          Harm     .   (no cloak)
rCorr   .          Rampage  .   J - +0 pair of gloves
Will    ++...                   (no boots)
Stlth   +.........              e - amulet of reflection
HPRegen 0.25/turn               k - ring of willpower
MPRegen 0.12/turn               D - +6 ring of strength

@: corroded, unable to read
A: AC +12, amphibious, unfitting armour, cold-blooded, talons 1, agile 1, frail
1, strong-willed 1, passive freeze, inability to read while threatened,
MP-powered wands
a: Renounce Religion


You were on level 10 of the Dungeon.
You worshipped Xom.
You were a very special plaything of Xom.
You visited 1 branch of the dungeon, and saw 10 of its levels.
You also visited: Sewer.

You collected 605 gold pieces.
You spent 159 gold pieces at shops.

Inventory:

Hand Weapons
 a - a +0 spear of chaos (weapon)
 p - a +2 spectral club
Missiles
 g - 24 poisoned darts (quivered)
 w - 6 javelins
Armour
 B - an orb of light
 H - a +0 kite shield (worn)
 J - a +0 pair of gloves (worn)
Jewellery
 d - a +4 ring of protection
 e - an amulet of reflection (around neck)
 k - a ring of willpower (left hand)
 D - a +6 ring of strength (right hand)
 L - a ring of resist corrosion
Wands
 j - a wand of mindburst (20)
 E - a wand of paralysis (7)
 F - a wand of polymorph (21)
Scrolls
 c - 4 scrolls of vulnerability
 h - a scroll of immolation
 l - 3 scrolls of fog
 m - 2 scrolls of summoning
 n - 5 scrolls of teleportation
 o - 2 scrolls of brand weapon
 s - 2 scrolls of magic mapping
 u - 2 scrolls of silence
 v - a scroll of enchant armour {unknown}
 y - 2 scrolls of blinking
 A - 2 scrolls of fear {unknown}
 C - a scroll of acquirement {unknown}
 I - a scroll of amnesia {unknown}
 K - 4 scrolls of identify
Potions
 f - 4 potions of lignification
 i - a potion of mutation {unknown}
 r - 2 potions of attraction
 t - 2 potions of flight
 x - 2 potions of haste {unknown}
 z - a potion of berserk rage {unknown}
 G - 3 potions of curing {unknown}
Miscellaneous
 b - a piece from Xom's chessboard (15/15)
 q - a lightning rod (4/4)


   Skills:
 + Level 10.5 Fighting
 + Level 9.6 Polearms
 + Level 8.6 Dodging
 + Level 9.0 Shields


You had 10 spell levels left.
You didn't know any spells.
Your spell library contained the following spells:

 Spells                   Type           Power      Damage    Failure   Level
 Beastly Appendage        Tmut           0%         N/A       61%         1
 Magic Dart               Conj           0%         1d3       61%         1
 Slow                     Hex            0%         N/A       61%         1
 Call Imp                 Summ           0%         N/A       75%         2
 Wereblood                Tmut           0%         N/A       75%         2
 Confusing Touch          Hex            0%         N/A       93%         3
 Mephitic Cloud           Conj/Pois/Air  0%         N/A       93%         3
 Spider Form              Tmut/Pois      0%         N/A       93%         3
 Vampiric Draining        Necr           0%         2d6       93%         3
 Summon Forest            Summ/Tloc      0%         N/A       100%        5
 Summon Mana Viper        Hex/Summ       0%         N/A       100%        5
 Summon Cactus Giant      Summ           0%         N/A       100%        6


Dungeon Overview and Level Annotations

Branches:
Dungeon (10/15)            Temple (0/1) D:5           Sewer (visited)
   Lair: D:8-11         Orc: D:9-12

Altars:
Gozag
Makhleb
Okawaru
Qazlal
Vehumet
Xom
Zin

Shops:
D:6 ?   D:10 :


Innate Abilities, Weirdness & Mutations

Your dull iron-grey scales are very hard. (AC +12)
You are amphibious.
You cannot fit into any form of body armour.
You are cold-blooded and may be slowed by cold attacks.
You have sharp toenails.
You are agile. (Dex +2)
You are frail. (-10% HP)
You are strong-willed. (Will+)
A frigid envelope surrounds you and freezes all who hurt you.
You sometimes lose the ability to read scrolls when taking damage.
You expend magic power (3 MP) to strengthen your wands.


Message History

The yak closely misses you. You block the yak's attack.
You hit the yak. You burn the yak. You claw the yak.
The yak is severely wounded.
The yak gores you!
The yak is very cold.
The yak is almost dead.
You are too injured to fight recklessly!
You are too injured to fight recklessly!
You are too injured to fight recklessly!
You are too injured to fight recklessly!
Unknown command.
You are too injured to fight recklessly!
You are too injured to fight recklessly!
The yak attacks as you move away! You block the yak's attack.
You block the yak's attack.
You barely miss the yak. You claw the yak, but do no damage.
The yak is almost dead.
The yak gores you!
The yak is very cold.
The yak is almost dead.
You hit the yak but do no damage.
The yak is almost dead.
You block the yak's attack.
You hit the yak but do no damage. You claw the yak.
You kill the yak!
The acid dragon spits acid at you.
The splash of acid reflects off an invisible shield around you!
The splash of acid hits the acid dragon.
Xom thinks this is hilarious!
A seven-headed hydra comes into view.
The acid dragon spits acid at you. The splash of acid hits you!!
* * * LOW HITPOINT WARNING * * *
The acid dragon attacks as you move away!
You block the acid dragon's attack. x2
The acid dragon spits acid at you.
The splash of acid hits you but does no damage.
The acid corrodes you! The acid dragon spits acid at you.
The splash of acid hits you!!
You die...
Xom howls with laughter!

#.# '...'... #.#
#.######)..######.#
#....†))))......#.#
########(..####.#§#
#...# #.#.#
###..(####.#.#
#............#
#......(.....#
#..@.........# ####
##)....≈._.≈..#
#...#####.............#
...........D.........#
.#............#####.#.#
...#...#...#..# #. .#
#.D...###...# #. ..
#.#.#...#.#D..#
#'.....D##..##


You could see a seven-headed hydra and an acid dragon (catching breath).

Vanquished Creatures
  A harpy (shapeshifter) (D:8)
  The ghost of bmj180 the Purveyor of Pain, a novice DsNe of Kikubaaqudgha (D:5)
  Psyche (D:9)
  A troll (D:10)
  A hornet (D:10)
  A raiju (shapeshifter) (D:5)
  18 yaks
  3 shadows
  2 wyverns
  A fire bat (D:8)
  A hog (shapeshifter) (D:9)
  6 vampire mosquitoes (D:10)
  Edmund (D:5)
  An acid dragon (D:10)
  4 water moccasins
  3 ice beasts
  A sky beast (D:8)
  2 black bears
  An ogre (D:5)
  A centaur (D:6)
  2 phantoms
  A kobold brigand (D:9)
  5 bullfrogs
  A gnoll sergeant (D:10)
  A necrophage (D:6)
  3 scorpions
  A water moccasin zombie (D:5)
  4 wights (D:7)
  A water moccasin skeleton (D:5)
  12 killer bees
  A centaur zombie (D:5)
  2 jellies
  2 gnoll shamans
  5 hounds
  5 orc priests
  A bullfrog skeleton (D:5)
  Jessica (D:3)
  3 iguanas
  10 orc wizards
  2 killer bee zombies (D:5)
  Robin (D:2)
  A howler monkey zombie (D:5)
  11 adders
  11 gnolls
  2 shadow imps
  A white imp (D:7)
  2 ufetubi (D:5)
  An adder zombie (D:5)
  3 dart slugs
  19 orcs
  10 ball pythons
  7 endoplasms
  14 giant cockroaches
  11 goblins
  9 hobgoblins
  A jackal (D:5)
  9 quokkas
  4 bats
  6 frilled lizards
  11 kobolds
  2 rats
250 creatures vanquished.

Vanquished Creatures (collateral kills)
  A phantom (D:5)
  A water moccasin zombie (D:5)
  A howler monkey zombie (D:5)
3 creatures vanquished.

Vanquished Creatures (others)
  A kobold brigand (D:7)
  A gnoll (D:10)
  6 withered plants (D:5)
8 creatures vanquished.

Grand Total: 261 creatures vanquished

Notes
Turn   | Place    | Note
-------+----------+-------------------------------------------
     0 | D:1      | jmlagarto the Draconian Chaos Knight began the quest for
                  | the Orb.
     0 | D:1      | Reached XP level 1. HP: 19/19 MP: 1/1
   289 | D:1      | XOM: divination: magic mapping
   361 | D:1      | Reached XP level 2. HP: 26/26 MP: 2/2
   689 | D:2      | XOM: silly message
   759 | D:2      | Noticed Robin
   769 | D:1      | Reached skill level 1 in Shields
   769 | D:1      | Reached XP level 3. HP: 31/33 MP: 3/3
  1296 | D:2      | Killed Robin
  1334 | D:2      | Reached XP level 4. HP: 33/40 MP: 4/4
  1432 | D:2      | Reached skill level 4 in Fighting
  1644 | D:3      | Noticed Jessica
  1650 | D:3      | Killed Jessica
  1860 | D:3      | Reached XP level 5. HP: 33/46 MP: 5/5
  2258 | D:3      | XOM: silly message
  2260 | D:3      | XOM: silly message
  2370 | D:3      | XOM: silly message
  2543 | D:4      | XOM: potion effect (invisibility)
  2818 | D:3      | XOM: silly message
  3137 | D:4      | Noticed a phantom
  3158 | D:4      | Killed a phantom
  3159 | D:4      | Reached XP level 6. HP: 31/55 MP: 6/6
  3170 | D:4      | XOM: give mutations
  3170 | D:4      | Gained mutation: Your tail ends in a venomous barb. [Xom's
                  | grace]
  3170 | D:4      | Gained mutation: You are agile. (Dex +2) [Xom's grace]
  3170 | D:4      | Gained mutation: You have sharp toenails. [Xom's grace]
  3203 | D:4      | XOM: god gift: 55 gold pieces
  3447 | D:4      | XOM: summons 6 friendly demons
  3456 | D:4      | Found a burning altar of Makhleb.
  3460 | D:4      | XOM: 3-stop teleportation journey
  3484 | D:4      | XOM: silly message
  3554 | D:4      | Reached skill level 5 in Fighting
  3647 | D:4      | XOM: confusion (+ monsters)
  3658 | D:5      | Entered Level 5 of the Dungeon
  3658 | D:5      | XOM: potion effect (curing)
  3661 | D:5      | XOM: potion effect (brilliance)
  3707 | D:5      | Found a transporter.
  3711 | D:5      | Identified the +6 giant club "Horric" {vorpal, *Corrode rN+
                  | Will++ Dex+3}
  3712 | D:5      | Noticed bmj180's ghost (novice DsNe)
  3716 | D:5      | XOM: summons friendly iron imp
  3722 | D:5      | Your scales start taking on a dull iron-grey colour.
  3722 | D:5      | Reached XP level 7. HP: 58/61 MP: 7/7
  3802 | D:5      | Reached skill level 5 in Polearms
  3945 | D:5      | XOM: summons 3 hostile demons
  3947 | D:5      | Noticed Edmund
  3960 | D:5      | XOM: enchant monster (bad)
  3961 | D:5      | Found a staircase to the Ecumenical Temple.
  3961 | D:5      | XOM: 8-stop teleportation journey
  4122 | D:5      | XOM: confuse monster(s)
  4151 | D:5      | Reached skill level 6 in Fighting
  4151 | D:5      | Reached XP level 8. HP: 49/70 MP: 8/8
  4188 | D:5      | XOM: cast spell 'Olgreb's Toxic Radiance'
  4191 | D:5      | Reached skill level 5 in Dodging
  4195 | D:5      | Reached skill level 5 in Shields
  4200 | D:5      | Reached skill level 7 in Fighting
  4275 | D:5      | XOM: god gift: murky coppery potion {god gift}
  4413 | D:5      | XOM: give mutation
  4413 | D:5      | Gained mutation: A frigid envelope surrounds you and
                  | freezes all who hurt you. [Xom's mischief]
  4508 | D:5      | XOM: 9-stop teleportation journey
  4780 | D:5      | XOM: blink monster(s)
  4792 | D:5      | Killed Edmund
  4793 | D:5      | Reached XP level 9. HP: 58/79 MP: 9/9
  5034 | D:5      | Found a transporter.
  5054 | D:5      | XOM: chaos cloud
  5054 | D:5      | XOM: smoke on damage
  5074 | D:5      | Paralysed by you for 7 turns
  5074 | D:5      | XOM: stat loss: -1 Int (11/12)
  5075 | D:5      | Killed bmj180's ghost
  5311 | D:6      | XOM: silly message
  5521 | D:6      | Reached skill level 8 in Fighting
  5577 | D:6      | XOM: divination: detect items
  5871 | D:6      | XOM: potion effect (brilliance)
  5914 | D:6      | XOM: silly message
  5940 | D:6      | Found Ereab's Magic Scroll Boutique.
  5953 | D:6      | XOM: polymorph adder -> hound
  5957 | D:6      | Bought a scroll of identify for 22 gold pieces
  5957 | D:6      | Bought a scroll of teleportation for 33 gold pieces
  5957 | D:6      | Bought a scroll of identify for 22 gold pieces
  5957 | D:6      | Bought a scroll of blinking for 82 gold pieces
  6011 | D:6      | Found a glowing drain.
  6016 | D:6      | XOM: give mutations
  6016 | D:6      | Gained mutation: You are weak. (Str -2) [Xom's mischief]
  6016 | D:6      | Lost mutation: Your tail ends in a venomous barb. [Xom's
                  | mischief]
  6027 | Sewer    | XOM: noise
  6027 | Sewer    | Entered a sewer
  6574 | D:7      | XOM: noise
  6575 | D:7      | Reached XP level 10. HP: 64/86 MP: 10/10
  6757 | D:7      | XOM: polymorph centaur -> killer bee
  6895 | D:7      | XOM: confuse monster(s)
  6948 | D:7      | XOM: polymorph steam dragon -> killer bee
  6984 | D:7      | Found a glowing silver altar of Zin.
  7289 | D:7      | Found a radiant altar of Vehumet.
  7298 | D:7      | Found an iron altar of Okawaru.
  7364 | D:7      | XOM: scenery: create altars
  7461 | D:7      | Reached skill level 9 in Fighting
  7518 | D:8      | Found an opulent altar of Gozag.
  7627 | D:8      | XOM: give mutations
  7627 | D:8      | Gained mutation: You are frail. (-10% HP) [Xom's mischief]
  7627 | D:8      | Gained mutation: You sometimes lose the ability to read
                  | scrolls when taking damage. [Xom's mischief]
  7721 | D:8      | XOM: summons 6 hostile demons
  7722 | D:8      | Noticed a sun demon
  7724 | D:8      | HP: 2/81 [sun demon[Xom] (19)]
  7840 | D:8      | XOM: 4-stop teleportation journey
  8079 | D:8      | XOM: give mutations
  8079 | D:8      | Gained mutation: You expend magic power (3 MP) to
                  | strengthen your wands. [Xom's grace]
  8079 | D:8      | Lost mutation: You are weak. (Str -2) [Xom's grace]
  8079 | D:8      | Gained mutation: You are strong-willed. (Will+) [Xom's
                  | grace]
  8107 | D:8      | XOM: cleaving
  8112 | D:8      | XOM: fog
  8145 | D:8      | Noticed a harpy
  8145 | D:8      | a shapeshifter changed into a harpy
  8150 | D:8      | Xom revived you
  8150 | D:8      | Killed a harpy
  8155 | D:8      | XOM: cleaving
  8994 | D:9      | Noticed Psyche
  9008 | D:9      | Killed Psyche
  9058 | D:9      | XOM: scenery: 1 doors open
  9080 | D:9      | XOM: scenery: 1 doors close
  9140 | D:9      | XOM: fog
  9301 | D:9      | XOM: god gift: arbalest {god gift}
  9584 | D:9      | Reached XP level 11. HP: 89/89 MP: 11/11
  9903 | D:10     | Entered Level 10 of the Dungeon
  9903 | D:10     | Found Hita's Book Emporium.
  9928 | D:10     | Reached skill level 10 in Fighting
 10004 | D:10     | Found a stormy altar of Qazlal.
 10067 | D:10     | XOM: confuse monster(s)
 10084 | D:10     | XOM: god gift: ring mail {god gift}
 10326 | D:10     | XOM: confuse monster(s)
 10362 | D:10     | XOM: enchant monster (bad)
 10608 | D:10     | XOM: noise
 10618 | D:10     | XOM: 4-stop teleportation journey
 10636 | D:10     | Noticed a seven-headed hydra
 10648 | D:10     | Killed from afar by an acid dragon

Illustrated notes

Levels and vault maps discovered:
D:1:      dpeg_arrival_fog, layout_rooms
D:2:      layout_rooms, uniq_robin
D:3:      layout_loops_corners, uniq_jessica
D:4:      layout_cave_pools, bloody_makhleb
D:5:      layout_cave_pools, minmay_temple_entry_waves, serial_undead,
          serial_undead_e, serial_undead_b, serial_undead_e, serial_undead_e,
          serial_undead_f, serial_undead_c, gammafunk_ghost_smash, minivault_4,
          uniq_edmund
D:6:      layout_loops_cross, gup_sewer_entry_pipe, serial_shops,
          nicolae_shop_advertising_works [nicolae_subvault_shop_adworks]
D:7:      layout_loops_cross, minitemple, zin_statuary
D:8:      layout_rooms, mainiacjoe_overflow_small_starburst,
          kennysheep_generic_room_6
D:9:      layout_stronghold, uniq_psyche
D:10:     layout_basic, general_overflow_altar, tgw_kikubaaqudgha,
          mainiacjoe_overflow_tiny_flanked, serial_shops, shop,
          dreamdust_princess_corridor, minmay_fractal_squares_diagonal_5

Skill      XL: |  1  2  3  4  5  6  7  8  9 10 11 |
---------------+----------------------------------+-----
Shields        | 1 2 3 4 5 7 8 9 |  9.0
Fighting       | 4 5 6 7 8 9 10 | 10.5
Dodging        | 3 4 5 6 8 |  8.6
Polearms       | 4 5 6 7 9 |  9.6

Action                   |  1- 3 |  4- 6 |  7- 9 | 10-12 || total
-------------------------+-------+-------+-------+-------++-------
Melee: Spear             |   132 |   176 |   408 |   333 ||  1049
       Tailslap          |    15 |    14 |    54 |    54 ||   137
       Kick              |       |     6 |   107 |    95 ||   208
Throw: Dart              |       |       |       |    11 ||    11
Evoke: Wand              |       |       |       |     2 ||     2
  Use: Potion            |     1 |     2 |     1 |     3 ||     7
       Scroll            |     1 |     4 |     8 |     2 ||    15
 Stab: Sleeping          |     1 |     1 |     3 |       ||     5
       Petrifying        |       |     1 |       |     1 ||     2
       Invisible         |       |     1 |       |       ||     1
       Paralysed         |       |       |     3 |     1 ||     4
       Confused          |       |       |     2 |     2 ||     4
       Distracted        |       |       |     1 |       ||     1
Armor: Skin              |    35 |    40 |   109 |    59 ||   243
Dodge: Dodged            |    55 |    72 |   126 |    93 ||   346
Block: Buckler           |    37 |    60 |   115 |    10 ||   222
       Reflection        |     2 |     2 |     4 |     9 ||    17
       Kite shield       |       |       |       |   172 ||   172

Table legend: (Time is in decaauts)
 A = Elapsed time spent in this place.
 B = Non-inter-level travel time spent in this place.
 C = Inter-level travel time spent in this place.
 D = Time resting spent in this place.
 E = Time spent auto-exploring this place.
 F = Levels seen in this place.
 G = Mean time per level.
                   A        B        C        D        E       F      G
               +--------+--------+--------+--------+--------+-----+--------+
         Total |  10491 |  10109 |    382 |      5 |   8127 |  11 |  953.7 |
       Dungeon |  10246 |   9864 |    382 |      5 |   7992 |  10 | 1024.6 |
         Sewer |    245 |    245 |      0 |      0 |    135 |   1 |  245.0 |
               +--------+--------+--------+--------+--------+-----+--------+

Top non-repeatable levels by time:
     D:5: 1601 daAuts
     D:3: 1314 daAuts
     D:7: 1181 daAuts
     D:8: 1160 daAuts
     D:9: 1003 daAuts
     D:1: 988 daAuts
     D:6: 918 daAuts
     D:4: 759 daAuts
    D:10: 727 daAuts
     D:2: 591 daAuts
   Sewer: 245 daAuts
